 Dungeon Crawl Stone Soup version 0.30.1-11-g7821555f0a (webtiles) character file.

Game seed: 13616603467346027844

322 ChrisAssaf the Firebug (level 6, -20/43 HPs)
             Began as a Demonspawn Fire Elementalist on Dec 12, 2023.
             Killed from afar by an acid dragon (33 damage)
             ... with a splash of acid
             ... on level 5 of the Dungeon.
             The game lasted 00:08:00 (2034 turns).

ChrisAssaf the Firebug (DsFE)                       Turns: 2034, Time: 00:08:01

Health: -20/43     AC:  2    Str:  9    XL:     6   Next: 22%
Magic:  1/10       EV: 12    Int: 18    God:
Gold:   153        SH:  0    Dex: 13    Spells: 1/11 levels left

rFire   . . .        (no weapon)
rCold   . . .        (no shield)
rNeg    . . .        a - +0 robe
rPois   .            (no helmet)
rElec   .            (no cloak)
rCorr   .            (no gloves)
SInv    .            (no boots)
Will    .....        (no amulet)
Stlth   ++           (no ring)
HPRegen 0.27/turn    (no ring)
MPRegen 0.12/turn

%: no passive effects
@: lethally poisoned (-20 -> -25), very slightly contaminated
A: ignite blood 1
a: no special abilities


You were on level 5 of the Dungeon.
You visited 1 branch of the dungeon, and saw 5 of its levels.

You collected 153 gold pieces.

Inventory:

Missiles
 e - 3 atropa-tipped darts
 j - 2 boomerangs (quivered)
 m - 6 poisoned darts
Armour
 a - a +0 robe (worn)
Jewellery
 h - a ring of flight
Wands
 b - a wand of flame (32)
Scrolls
 k - 3 scrolls of magic mapping {unknown}
 l - a scroll of enchant armour {unknown}
Potions
 c - 2 potions of curing
 d - a potion of mutation {unknown}
 g - a potion of attraction {unknown}
 i - a potion of flight {unknown}


   Skills:
 * Level 1.1 Fighting
 * Level 1.7 Throwing
 * Level 1.4 Armour
 * Level 2.3 Dodging
 * Level 2.3 Stealth
 * Level 3.0 Spellcasting
 * Level 1.9 Conjurations
 * Level 0.9 Hexes
 * Level 3.8 Fire Magic
 * Level 1.0 Evocations


You had one spell level left.
You knew the following spells:

 Your Spells              Type           Power      Damage    Failure   Level
a - Foxfire               Conj/Fire      52%        2x1d6     4%          1
b - Scorch                Fire           32%        2d6       4%          2
c - Inner Flame           Hex/Fire       11%        N/A       19%         3
d - Flame Wave            Conj/Fire      13%        2d6       45%         4

Your spell library contained the following spells:

 Spells                   Type           Power      Damage    Failure   Level
 Ensorcelled Hibernation  Hex/Ice        8%         N/A       21%         2
 Volatile Blastmotes      Fire/Tloc      18%        2d11      22%         3
 Passwall                 Tmut/Erth      1%         N/A       24%         2
 Dazzling Flash           Conj/Hex       14%        N/A       26%         3
 Swiftness                Air            2%         N/A       43%         3
 Iskenderun's Mystic Bla  Conj/Tloc      6%         2d4       73%         4
 Starburst                Conj/Fire      6%         6d4       100%        6


Dungeon Overview and Level Annotations

Branches:
Dungeon (5/15)
 Temple: D:4-7

Altars:


Innate Abilities, Weirdness & Mutations

Your demonic aura sometimes causes spilled blood to erupt in flames.


Message History

Found 13 gold pieces.
An acid dragon comes into view.
The acid dragon roars!
You hear an angry hiss.
You hear a bark!
You see here 10 gold pieces.
A water moccasin skeleton comes into view.
Casting: Scorch (safe; 4% risk of failure)
Confirm with . or Enter, or press ? or * to list all spells.
Flames lash the acid dragon.
The acid dragon is moderately wounded.
The acid dragon's fire resistance burns away.
An adder comes into view.
The acid dragon bites you. The acid dragon claws you.
Casting: Scorch (safe; 4% risk of failure)
Confirm with . or Enter, or press ? or * to list all spells.
Flames lash the acid dragon.
The acid dragon is burned terribly!
The acid dragon is moderately wounded.
The acid dragon bites you! The acid dragon claws you.
Unknown command.
Casting: Scorch (safe; 4% risk of failure)
Confirm with . or Enter, or press ? or * to list all spells.
Flames lash the acid dragon.
The acid dragon is burned terribly!
The acid dragon is severely wounded.
The acid dragon closely misses you. The acid dragon claws you.
Unknown command.
Casting: Scorch (safe; 4% risk of failure)
Confirm with . or Enter, or press ? or * to list all spells.
You miscast Scorch.
You are very lightly contaminated with residual magic.
Nothing appears to happen.
The acid dragon bites you. The acid dragon claws you.
Unknown command.
Casting: Scorch (safe; 4% risk of failure)
Confirm with . or Enter, or press ? or * to list all spells.
You conjure some foxfire!
The adder bites you.
You are poisoned.
The adder poisons you! The acid dragon spits acid at you.
The splash of acid hits you!!
Ouch! That really hurt!
You die...

.....####....#........#.
.....#..................
..........##............
...........#..##<..##...
.........>...##....##.>#
#............#....###.#
#..$..........# #..
##.vv..........# #.#
#..@.........### #..
......SD.........# .
.....Z.#.###.......
..##...### #........ .
..... .......... ......
........... .......
.....##


You could see an acid dragon (catching breath, combustible, ally target), an
adder and a water moccasin skeleton.

Vanquished Creatures
  A sky beast (D:5)
  2 phantoms
  Jessica (D:3)
  2 adders
  A dart slug (D:3)
  2 orcs (D:3)
  6 ball pythons
  An endoplasm (D:1)
  2 giant cockroaches (D:3)
  2 hobgoblins
  5 quokkas
  A bat (D:1)
  2 frilled lizards
  4 kobolds
  3 rats
35 creatures vanquished.

Vanquished Creatures (others)
  28 foxfires
28 creatures vanquished.

Grand Total: 63 creatures vanquished

Notes
Turn   | Place    | Note
-------+----------+-------------------------------------------
     0 | D:1      | ChrisAssaf the Demonspawn Fire Elementalist began the quest
                  | for the Orb.
     0 | D:1      | Reached XP level 1. HP: 13/13 MP: 3/3
   354 | D:1      | Gained mutation: Your demonic aura sometimes causes spilled
                  | blood to erupt in flames. [demonic ancestry]
   354 | D:1      | Reached XP level 2. HP: 9/19 MP: 0/5
   408 | D:1      | Learned a level 2 spell: Scorch
   481 | D:2      | You fall into a shaft and drop 1 floor!
   589 | D:3      | Noticed Jessica
   593 | D:3      | Killed Jessica
   594 | D:3      | Reached skill level 1 in Armour
   594 | D:3      | Reached XP level 3. HP: 20/25 MP: 4/6
   627 | D:3      | Learned a level 3 spell: Inner Flame
  1103 | D:3      | Found a faded altar of an unknown god.
  1383 | D:2      | Reached XP level 4. HP: 24/31 MP: 0/7
  1745 | D:4      | Noticed a phantom
  1749 | D:4      | Killed a phantom
  1750 | D:4      | Reached skill level 1 in Throwing
  1750 | D:4      | Reached XP level 5. HP: 14/36 MP: 0/9
  1865 | D:5      | Entered Level 5 of the Dungeon
  1871 | D:5      | Noticed a sky beast
  1881 | D:5      | Killed a sky beast
  1882 | D:5      | Reached skill level 1 in Fighting
  1941 | D:5      | Noticed a phantom
  1948 | D:5      | Killed a phantom
  1949 | D:5      | Reached skill level 1 in Evocations
  1949 | D:5      | Reached XP level 6. HP: 43/43 MP: 2/10
  2013 | D:5      | Learned a level 4 spell: Flame Wave
  2026 | D:5      | Noticed an acid dragon
  2034 | D:5      | Killed from afar by an acid dragon

Illustrated notes

Levels and vault maps discovered:
D:1:      reono_arrival_forest_river, layout_loops_ring
D:2:      cheibrodos_greedy_goblins, layout_loops_ring, kennysheep_nondescript,
          st_stairs_6
D:3:      layout_loops_ring, dreamdust_ecumenical_altar_hidden_monk_grotto,
          uniq_jessica
D:4:      layout_basic, nicolae_underground_beach
D:5:      layout_cave_pools, serial_undead, serial_undead_f, serial_undead_b,
          serial_undead_c, serial_undead_c, serial_undead_e, serial_undead_c,
          serial_undead_e, serial_undead_b, uniq_ijyb

Skill      XL: |  1  2  3  4  5 |
---------------+----------------+-----
Fire Magic     | 3 |  3.8
Dodging        | 2 |  2.3
Armour         | 1 |  1.4
Stealth        | 2 |  2.3
Throwing       | 1 |  1.7
Fighting       | 1 |  1.1
Spellcasting   | 3 |  3.0
Evocations     | 1 |  1.0
Conjurations   | |  1.9
Hexes          | |  0.9

Action                     |  1- 3 |  4- 6 || total
---------------------------+-------+-------++-------
  Melee: Unarmed           |     1 |       ||     1
  Throw: Dart              |     1 |       ||     1
         Boomerang         |    30 |     7 ||    37
   Cast: Foxfire           |    17 |     1 ||    18
         Scorch            |    12 |    12 ||    24
         Inner Flame       |       |     2 ||     2
  Evoke: Wand              |       |     4 ||     4
    Use: Scroll            |     3 |     1 ||     4
         Potion            |     2 |     2 ||     4
 Armour: Robe              |     8 |     3 ||    11
  Dodge: Dodged            |    35 |    12 ||    47
